 Dungeon Crawl Stone Soup version 0.31-a0-1576-ga3383bade6 (webtiles) character file.

Game seed: 6931875334619097224

84 senseless the Trooper (level 4, 0/41 HPs)
             Began as a Hill Orc Fighter on Jan 4, 2024.
             Was a Follower of Kikubaaqudgha.
             Incinerated by a bombardier beetle (3 damage)
             ... with a burning spray
             ... on level 3 of the Dungeon.
             The game lasted 00:02:52 (1570 turns).

senseless the Trooper (Hill Orc Fighter)            Turns: 1570, Time: 00:02:53

Health: 0/41       AC: 11    Str: 20    XL:     4   Next: 45%
Magic:  4/4        EV:  5    Int:  8    God:    Kikubaaqudgha [*.....]
Gold:   89         SH:  4    Dex: 10    Spells: 3/3 levels left

rFire   . . .        a - +0 war axe
rCold   . . .        c - +0 buckler
rNeg    + . .        j - +0 plate armour
rPois   .            (no helmet)
rElec   .            (no cloak)
rCorr   .            (no gloves)
SInv    .            (no boots)
Will    .....        (no amulet) Stlth
                     b - ring of positive energy
HPRegen 0.26/turn    (no ring)
MPRegen 0.09/turn

%: no passive effects
@: on fire, glowing
A: no striking features
a: Renounce Religion, Unearth Wretches


You were on level 3 of the Dungeon.
You worshipped Kikubaaqudgha.
Kikubaaqudgha was aware of your devotion.
You visited 1 branch of the dungeon, and saw 3 of its levels.

You collected 89 gold pieces.

Inventory:

Hand Weapons
 a - a +0 war axe (weapon)
Missiles
 g - a throwing net
Armour
 c - a +0 buckler (worn)
 j - a +0 plate armour (worn)
Jewellery
 b - a ring of positive energy (left hand)
Wands
 n - a wand of flame (21) (quivered)
Scrolls
 f - 2 scrolls of amnesia {unknown}
 i - a scroll of identify {unknown}
 m - a scroll of immolation {unknown}
 o - a scroll of teleportation {unknown}
Potions
 d - a potion of might
 e - a potion of haste {unknown}
 h - 2 potions of heal wounds {unknown}
 k - a potion of cancellation {unknown}
 l - 2 potions of enlightenment {unknown}


   Skills:
 + Level 4.4 Fighting
 + Level 3.8 Axes
 + Level 4.0 Armour
 + Level 3.9 Shields


You had 3 spell levels left.
You didn't know any spells.
Your spell library contained the following spells:

 Spells                   Type           Power      Damage    Failure   Level
 Kiss of Death            Conj/Necr      0%         2d5       100%        1
 Sublimation of Blood     Necr           0%         N/A       100%        2
 Vampiric Draining        Necr           0%         2d6       100%        3
 Animate Dead             Necr           0%         N/A       100%        4


Dungeon Overview and Level Annotations

Branches:
Dungeon (3/15)

Altars:
Kikubaaqudgha
Nemelex Xobeh


Message History

The bombardier beetle bites you but does no damage.
You barely miss the bombardier beetle.
The bombardier beetle is lightly wounded.
The liquid fire burns you!
The bombardier beetle sprays incendiary fluid at you.
The burning spray hits you.
You are even more covered in liquid fire!
You are too injured to fight recklessly!
You are too injured to fight recklessly!
You are too injured to fight recklessly!
You are too injured to fight recklessly!
You are too injured to fight recklessly!
You are too injured to fight recklessly!
You are too injured to fight recklessly!
You are too injured to fight recklessly!
You are too injured to fight recklessly!
You are too injured to fight recklessly!
You are too injured to fight recklessly!
You are too injured to fight recklessly!
You are too injured to fight recklessly!
You are too injured to fight recklessly!
You are too injured to fight recklessly!
You slash the bombardier beetle!
The bombardier beetle is severely wounded.
The liquid fire burns you!
You barely miss the bombardier beetle.
The bombardier beetle is severely wounded.
The liquid fire burns you!
* * * LOW HITPOINT WARNING * * *
The bombardier beetle barely misses you.
You closely miss the bombardier beetle.
The bombardier beetle is severely wounded.
The liquid fire burns you!
* * * LOW HITPOINT WARNING * * *
The bombardier beetle bites you but does no damage.
You closely miss the bombardier beetle.
The bombardier beetle is severely wounded.
The liquid fire burns you!
You die...
Kikubaaqudgha rasps: "You have failed me!
Welcome... death!"

#. .# #.# .# #..<..###..
#.##. #......... ..
#>#.. .......... ...
#.#.# #........##...
#.#.# #.........#.#
#.#.######.......#..###
#..............B..#...##
#.#..#####.....@.#..# .#
#.#..# #..........#.#
#.#..# ###.###.....##
#.#..#######.##.....[.#.
#.#..........###........
#.##.#######............
#)...........###.#.###.#
###†########## #.#.# #
#.# #.#.#


You could see a bombardier beetle.

Vanquished Creatures
  A hound (D:3)
  An adder (D:3)
  3 dart slugs (D:1)
  A ball python (D:3)
  3 endoplasms (D:1)
  2 giant cockroaches (D:2)
  4 goblins
  7 hobgoblins
  A kobold (D:3)
  A quokka (D:1)
  5 bats
  4 frilled lizards (D:1)
  3 rats (D:1)
36 creatures vanquished.

Notes
Turn   | Place    | Note
-------+----------+-------------------------------------------
     0 | D:1      | senseless the Hill Orc Fighter began the quest for the Orb.
     0 | D:1      | Reached XP level 1. HP: 19/19 MP: 1/1
    48 | D:1      | Reached XP level 2. HP: 27/27 MP: 2/2
    99 | D:1      | Found a faded altar of an unknown god.
   113 | D:1      | Prayed at the altar of an unknown god.
   113 | D:1      | Became a worshipper of Kikubaaqudgha
   113 | D:1      | Reached * piety under Kikubaaqudgha
   113 | D:1      | Received a gift from Kikubaaqudgha
   289 | D:1      | Reached XP level 3. HP: 30/33 MP: 3/3
   834 | D:2      | Found a sparkling altar of Nemelex Xobeh.
  1524 | D:3      | Reached XP level 4. HP: 41/41 MP: 4/4
  1570 | D:3      | Incinerated by a bombardier beetle

Illustrated notes

Levels and vault maps discovered:
D:1:      ldierk_walled_garden, layout_basic, basic_ecumenical_altar,
          glass_columns_a
D:2:      layout_loops_ring, basic_altar, amcnicky_mini_pool_small
D:3:      layout_loops_ring, nicolae_ru_great_annihilating_truth, minivault_24,
          kennysheep_flooded_box, uniq_crazy_yiuf_cottage

Skill      XL: |  1  2  3 |
---------------+----------+-----
Axes           | 3 |  3.8
Fighting       | 4 |  4.4
Armour         | 4 |  4.0
Shields        | |  3.9

Action                     |  1- 3 |  4- 6 || total
---------------------------+-------+-------++-------
  Melee: War axe           |   103 |     9 ||   112
 Armour: Scale mail        |    65 |       ||    65
         Plate armour      |    21 |     3 ||    24
  Dodge: Dodged            |    43 |     2 ||    45
  Block: Buckler           |    32 |       ||    32

Table legend: (Time is in decaauts)
 A = Elapsed time spent in this place.
 B = Non-inter-level travel time spent in this place.
 C = Inter-level travel time spent in this place.
 D = Time resting spent in this place.
 E = Time spent auto-exploring this place.
 F = Levels seen in this place.
 G = Mean time per level.
                   A        B        C        D        E       F      G
               +--------+--------+--------+--------+--------+-----+--------+
         Total |   1610 |   1549 |     61 |      0 |   1251 |   3 |  536.7 |
       Dungeon |   1610 |   1549 |     61 |      0 |   1251 |   3 |  536.7 |
               +--------+--------+--------+--------+--------+-----+--------+

Top non-repeatable levels by time:
     D:1: 741 daAuts
     D:2: 678 daAuts
     D:3: 191 daAuts
